[Event "Titled Tuesday Blitz March 21 Late 2023"]
[White "Vasquez Schroeder, Rodrigo"]
[Black "Firouzja, Alireza"]
[WhiteFideId "3400042"]
[BlackFideId "12573981"]
[WhiteElo "2600"]
[BlackElo "2904"]
[Result "1/2-1/2"]
[Round "08"]
[TimeControl "180+2"]
[Date "2023.03.21"]
[WhiteClock "0:00:21"]
[BlackClock "0:00:04"]

1. e4 c5 2. Nf3 d6 3. d4 cxd4 4. Nxd4 Nf6 5. Nc3 a6 6. Bg5 Nbd7 7. Bc4 Qb6 8. Bb3 e6 9. Bxf6 Nxf6 10. Qd2 Bd7 11. O-O-O O-O-O 12. f4 h5 13. Nf3 Be7 14. Ng5 Rhf8 15. h3 g6 16. g3 Bc6 17. Rhe1 Kb8 18. Bxe6 fxe6 19. Nxe6 Nd7 20. Nd5 Bxd5 21. Qxd5 Nf6 22. Qb3 Qc6 23. Nxd8 Bxd8 24. Qe6 Bc7 25. Kb1 Qe8 26. Qc4 Qc6 27. Qe6 Qe8 28. Qc4 Nd7 29. Qd5 Rf7 30. a3 h4 31. Qg5 Re7 32. Qxh4 Nc5 33. e5 dxe5 34. fxe5 Rxe5 35. Rxe5 Qxe5 36. g4 Na4 37. c3 Qe2 38. Qh8+ Ka7 39. Qd4+ Nb6 40. Rd2 Qf1+ 41. Ka2 Qf7+ 42. b3 Ka8 43. a4 Qe6 44. Qd3 Kb8 45. a5 Nc8 46. Re2 Qf6 47. b4 Qf7+ 48. Kb2 Nd6 49. Qd4 Nc4+ 50. Kc2 Na3+ 51. Kb2 Nc4+ 52. Kc2 Na3+ 53. Kb2 Nb5 54. Qd3 Nd6 55. Qd4 Nc4+ 1/2-1/2


[Site "https://www.chess.com"]

[Event "Titled Tuesday Blitz March 21 Late 2023"]
[White "Movahed, Sina"]
[Black "Alekseenko, Kirill"]
[WhiteFideId "42520835"]
[BlackFideId "4135539"]
[WhiteElo "2225"]
[BlackElo "2683"]
[Result "1/2-1/2"]
[Round "08"]
[TimeControl "180+2"]
[Date "2023.03.21"]
[WhiteClock "0:00:11"]
[BlackClock "0:00:11"]

1. Nf3 d5 2. g3 Nd7 3. c4 dxc4 4. Qa4 c6 5. Qxc4 e5 6. Bg2 Bd6 7. O-O Ngf6 8. d4 O-O 9. Nc3 h6 10. Rd1 e4 11. Ne5 Nb6 12. Qb3 Bf5 13. Bf4 Qe7 14. a4 Nbd5 15. a5 a6 16. Rac1 Kh8 17. Na4 Nxf4 18. gxf4 Nd5 19. e3 g5 20. f3 exf3 21. Bxf3 f6 22. e4 Nxf4 23. Nxc6 bxc6 24. exf5 g4 25. Re1 Qa7 26. Bxc6 Qxd4+ 27. Qe3 Qxe3+ 28. Rxe3 Rac8 29. Kf1 Be5 30. Nb6 Rc7 31. Rc4 Rd8 32. b4 Rd1+ 33. Re1 Rd2 34. b5 axb5 35. Bxb5 Ra7 36. a6 Nh3 37. Re2 Rd1+ 38. Re1 Rd2 39. Re2 Rd1+ 40. Re1 Rd2 1/2-1/2


[Site "https://www.chess.com"]

[Event "Titled Tuesday Blitz March 21 Late 2023"]
[White "Carlsen, Magnus"]
[Black "Martinez Alcantara, Jose Eduardo"]
[WhiteFideId "1503014"]
[BlackFideId "3805662"]
[WhiteElo "2852"]
[BlackElo "2712"]
[Result "1-0"]
[Round "08"]
[TimeControl "180+2"]
[Date "2023.03.21"]
[WhiteClock "0:00:05"]
[BlackClock "0:00:04"]

1. e4 e5 2. Nf3 Nf6 3. Nxe5 d6 4. Nd3 Nxe4 5. Qe2 Qe7 6. Nf4 c6 7. d4 Nf6 8. c4 Qxe2+ 9. Bxe2 Be7 10. Nc3 O-O 11. f3 Na6 12. Kf2 Re8 13. g4 Nc7 14. d5 Nd7 15. h4 Ne5 16. Be3 Bd7 17. Rad1 c5 18. b3 b6 19. Nd3 Bf6 20. g5 Nxc4 21. bxc4 Bxc3 22. Rc1 Rxe3 23. Kxe3 Bd4+ 24. Kd2 b5 25. Nf4 Re8 26. Ng2 b4 27. Bd3 a5 28. Rhe1 Rd8 29. Ne3 g6 30. Ng4 Kf8 31. Re4 Bb2 32. Rc2 Bg7 33. Nf6 h5 34. Nxd7+ Rxd7 35. Rc1 a4 36. Bc2 b3 37. axb3 a3 38. Bb1 Na6 39. Rce1 Rd8 40. Re7 Ra8 41. Rb7 Nb4 42. Ree7 Be5 43. Rxf7+ Kg8 44. Ra7 Re8 45. Bxg6 a2 46. Rfb7 Bf4+ 47. Kd1 Rf8 48. Bxh5 Be5 49. Rxb4 cxb4 50. Rxa2 Rf4 51. Bg4 Rd4+ 52. Rd2 Rf4 53. c5 Kg7 54. c6 Rf7 55. Bd7 1-0


[Site "https://www.chess.com"]

[Event "Titled Tuesday Blitz March 21 Late 2023"]
[White "Hansen, Eric"]
[Black "Erigaisi Arjun"]
[WhiteFideId "2606771"]
[BlackFideId "35009192"]
[WhiteElo "2569"]
[BlackElo "2737"]
[Result "0-1"]
[Round "08"]
[TimeControl "180+2"]
[Date "2023.03.21"]
[WhiteClock "0:00:01"]
[BlackClock "0:00:25"]

1. c4 d6 2. d4 g6 3. Nc3 Bg7 4. e4 Nc6 5. Be3 e5 6. d5 Nce7 7. f3 f5 8. Bd3 Nf6 9. Nge2 O-O 10. h3 c5 11. dxc6 bxc6 12. O-O f4 13. Bf2 g5 14. b4 h5 15. c5 d5 16. exd5 cxd5 17. Nb5 g4 18. hxg4 hxg4 19. Nd6 g3 20. Nxg3 fxg3 21. Bxg3 Nh5 22. Bh4 Bf6 23. Qe1 Nc6 24. Bg3 Nxb4 25. Bg6 e4 26. Bxh5 Bd4+ 27. Bf2 Nd3 28. Qd2 Bxf2+ 29. Rxf2 Qh4 30. Re2 Qxh5 31. fxe4 Bg4 32. Re3 Nf4 33. Rae1 Qg5 34. Qd4 Bf3 0-1


[Site "https://www.chess.com"]

[Event "Titled Tuesday Blitz March 21 Late 2023"]
[White "Svane, Rasmus"]
[Black "Steinberg, Nitzan"]
[WhiteFideId "4657101"]
[BlackFideId "2801795"]
[WhiteElo "2597"]
[BlackElo "2486"]
[Result "1-0"]
[Round "08"]
[TimeControl "180+2"]
[Date "2023.03.21"]
[WhiteClock "0:00:42"]
[BlackClock "0:00:01"]

1. Nf3 d5 2. g3 Nf6 3. Bg2 g6 4. O-O Bg7 5. c4 c6 6. Qb3 O-O 7. d4 dxc4 8. Qxc4 Nbd7 9. Qc2 Nb6 10. e4 Bg4 11. Be3 Qc8 12. Nc3 Bh3 13. Rad1 Bxg2 14. Kxg2 Rd8 15. h3 Ne8 16. Bg5 Qc7 17. Bf4 Qc8 18. Rfe1 Nc7 19. h4 Ne6 20. Be3 Nc4 21. Bc1 Nb6 22. Ne2 a5 23. h5 a4 24. Be3 Nd7 25. hxg6 hxg6 26. Rh1 Nf6 27. Nc3 a3 28. b3 Ra5 29. e5 Nd5 30. Nxd5 cxd5 31. Qd2 Ra6 32. Bh6 Bh8 33. Bg5 Qd7 34. Rxh8+ Kxh8 35. Rh1+ Kg8 36. Bf6 exf6 37. Qh6 Nf4+ 38. Qxf4 g5 39. Qe3 Qf5 40. exf6 Rxf6 41. Nxg5 Rc8 42. Rh4 Rg6 43. Nf3 Re6 44. Ne5 Rc2 45. Rf4 Qg5 46. Qf3 f6 47. Rg4 Rxe5 48. dxe5 Rxa2 49. exf6 1-0


[Site "https://www.chess.com"]

[Event "Titled Tuesday Blitz March 21 Late 2023"]
[White "Grigoriants, Sergey"]
[Black "Bluebaum, Matthias"]
[WhiteFideId "4130804"]
[BlackFideId "24651516"]
[WhiteElo "2502"]
[BlackElo "2638"]
[Result "0-1"]
[Round "08"]
[TimeControl "180+2"]
[Date "2023.03.21"]
[WhiteClock "0:00:03"]
[BlackClock "0:00:23"]

1. d4 d5 2. c4 e6 3. Nc3 Bb4 4. e3 Nf6 5. a3 Bxc3+ 6. bxc3 c6 7. Bd3 e5 8. cxd5 e4 9. Be2 cxd5 10. c4 O-O 11. Nh3 Bxh3 12. gxh3 dxc4 13. Bxc4 Qd7 14. Bb2 Qxh3 15. Qe2 Nbd7 16. O-O-O Rac8 17. Kb1 Qg4 18. Rhg1 Qxe2 19. Bxe2 Nd5 20. h4 N7b6 21. h5 Na4 22. Rd2 Nac3+ 23. Bxc3 Nxc3+ 24. Kb2 Nxe2 25. Rxe2 Rc6 26. Rd2 f5 27. d5 Rd6 28. Kc3 Kf7 29. Rgd1 Kf6 30. Kd4 Rc8 31. a4 b6 32. f3 exf3 33. e4 Re8 34. exf5 Kxf5 35. Kc4 Re4+ 36. Kb5 Kf4 37. Ka6 Re2 38. Kb7 Rxd2 39. Rxd2 Ke3 0-1


[Site "https://www.chess.com"]

[Event "Titled Tuesday Blitz March 21 Late 2023"]
[White "Svane, Frederik"]
[Black "Sargsyan, Shant"]
[WhiteFideId "12923044"]
[BlackFideId "13306766"]
[WhiteElo "2502"]
[BlackElo "2628"]
[Result "0-1"]
[Round "08"]
[TimeControl "180+2"]
[Date "2023.03.21"]
[WhiteClock "0:00:17"]
[BlackClock "0:00:15"]

1. e4 c6 2. d4 d5 3. exd5 cxd5 4. c3 Nf6 5. Nf3 Nc6 6. Ne5 Bd7 7. Bd3 e6 8. O-O Bd6 9. Qe2 Qc7 10. Nxd7 Nxd7 11. h3 Bh2+ 12. Kh1 Bf4 13. Nd2 g6 14. Re1 O-O 15. Nf3 Rae8 16. Bxf4 Qxf4 17. Qe3 Qxe3 18. Rxe3 Kg7 19. Rae1 a6 20. g4 h6 21. Kg2 Nf6 22. Kg3 b5 23. h4 Rb8 24. a3 a5 25. b4 Rfc8 26. Nd2 a4 27. f3 Ne8 28. f4 Nd8 29. Nb1 Nd6 30. f5 gxf5 31. gxf5 exf5 32. Re5 Ne4+ 33. Bxe4 fxe4 34. Rxd5 Ne6 35. Rxe4 Kf6 36. Ree5 Rg8+ 37. Kf3 Rbc8 38. Rf5+ Ke7 39. Rxb5 Rg1 40. Rb7+ Ke8 41. d5 Nd8 42. d6 Nxb7 43. Re5+ Kd7 44. Nd2 Rxc3+ 45. Kf2 Rd1 46. Ne4 Rc2+ 47. Kf3 Nxd6 48. Nc5+ Kc6 49. Nxa4 Rd3+ 50. Kg4 Rxa3 51. Nc5 Rc4+ 52. Kh5 Rxb4 53. Kxh6 Rb5 54. h5 Rxc5 55. Re1 Raa5 56. Kg7 Rg5+ 57. Kf8 Ra8+ 58. Ke7 Re8+ 59. Kf6 Rf5+ 60. Kg7 Rxe1 61. h6 Rg1+ 62. Kh8 Ra5 63. Kh7 f5 64. Kh8 f4 65. Kh7 f3 66. Kh8 f2 67. Kh7 f1=Q 68. Kh8 Qf8+ 69. Kh7 Qg8# 0-1


[Site "https://www.chess.com"]

[Event "Titled Tuesday Blitz March 21 Late 2023"]
[White "Matlakov, Maxim"]
[Black "Li, Ruifeng"]
[WhiteFideId "4168003"]
[BlackFideId "2061074"]
[WhiteElo "2666"]
[BlackElo "2441"]
[Result "1-0"]
[Round "08"]
[TimeControl "180+2"]
[Date "2023.03.21"]
[WhiteClock "0:00:59"]
[BlackClock "0:00:04"]

1. e4 d6 2. d4 Nf6 3. Bd3 Nc6 4. c3 e5 5. Nf3 g6 6. h3 Bg7 7. O-O O-O 8. Re1 Bd7 9. Nbd2 h6 10. Nf1 Nh7 11. dxe5 Nxe5 12. Nxe5 dxe5 13. a4 a5 14. Qe2 Ng5 15. Ne3 Ne6 16. Nc4 Qe7 17. Be3 Nc5 18. Bc2 b5 19. Nxa5 Nxa4 20. Nb7 Rfb8 21. Bxa4 Rxb7 22. Bb3 Rbb8 23. Red1 c6 24. Rxa8 Rxa8 25. Qd2 Be6 26. Bxe6 Qxe6 27. Bxh6 Kh7 28. Bg5 Ra2 29. Qe2 Bf6 30. Be3 Be7 31. Rd2 Kg7 32. Kh2 Qb3 33. g3 Ra1 34. h4 Qa2 35. Rd7 Qe6 36. Rb7 Rb1 37. h5 g5 38. Kg2 Kh6 39. Qf3 Rxb2 40. Qf5 Qxf5 41. exf5 Ba3 42. Rxf7 Kxh5 43. Rh7+ Kg4 44. f6 Kf5 45. f7 Kg6 46. Rh8 Kxf7 47. Rc8 c5 48. Bxg5 Ke6 49. Be3 Kd5 50. g4 b4 51. Rxc5+ Ke4 52. Ra5 Rb3 53. c4 Rc3 54. c5 Bc1 55. Bxc1 Rxc1 56. Rb5 Rc4 57. Kg3 Rc3+ 58. Kh4 b3 59. Kh5 Kf3 60. g5 Kxf2 61. g6 Rh3+ 62. Kg4 e4 63. Kxh3 e3 64. Rxb3 1-0


[Site "https://www.chess.com"]

[Event "Titled Tuesday Blitz March 21 Late 2023"]
[White "Kamsky, Gata"]
[Black "Bok, Benjamin"]
[WhiteFideId "2000024"]
[BlackFideId "1017063"]
[WhiteElo "2666"]
[BlackElo "2658"]
[Result "1/2-1/2"]
[Round "08"]
[TimeControl "180+2"]
[Date "2023.03.21"]
[WhiteClock "0:00:21"]
[BlackClock "0:00:10"]

1. e4 c5 2. Nf3 d6 3. d4 cxd4 4. Nxd4 Nf6 5. Nc3 a6 6. a4 e6 7. a5 Be7 8. Bd3 O-O 9. O-O e5 10. Nb3 Be6 11. Nd5 Nxd5 12. exd5 Bxd5 13. Bxh7+ Kxh7 14. Qxd5 Nc6 15. Be3 Qc8 16. Rad1 Qe6 17. Qxe6 fxe6 18. f3 Rac8 19. c3 d5 20. Bc5 Rfe8 21. Bxe7 Rxe7 22. Rfe1 Kg6 23. Ra1 Kf6 24. Nc5 g5 25. h3 Nxa5 26. Rxa5 b6 27. Ne4+ dxe4 28. Rxa6 exf3 29. Rxb6 fxg2 30. Kxg2 Rd7 31. Rf1+ Ke7 32. Rb5 Rd2+ 33. Rf2 Rd5 34. Rb7+ Kd6 35. Re2 Rh8 36. Rb6+ Kd7 37. Rf2 Ke7 38. Rb7+ Kd6 39. Rb6+ Ke7 40. Rb7+ Kd6 41. Rb6+ Ke7 1/2-1/2


[Site "https://www.chess.com"]

[Event "Titled Tuesday Blitz March 21 Late 2023"]
[White "Zakhartsov, Vladimir"]
[Black "Plat, Vojtech"]
[WhiteFideId "4145097"]
[BlackFideId "325740"]
[WhiteElo "2521"]
[BlackElo "2542"]
[Result "1-0"]
[Round "08"]
[TimeControl "180+2"]
[Date "2023.03.21"]
[WhiteClock "0:00:07"]
[BlackClock "0:00:02"]

1. e4 d6 2. d4 Nf6 3. Nc3 e5 4. Nf3 Nbd7 5. Bc4 Be7 6. O-O O-O 7. a4 a5 8. Re1 c6 9. h3 Nb6 10. Bf1 Nfd7 11. Be3 exd4 12. Nxd4 Nc5 13. Bf4 Ne6 14. Bg3 Nxd4 15. Qxd4 Be6 16. Red1 d5 17. exd5 Nxd5 18. Ne4 Qb6 19. Qxb6 Nxb6 20. b3 Nd5 21. Nd6 Bxd6 22. Bxd6 Rfd8 23. Bc5 b6 24. Bd4 c5 25. Be5 f6 26. Bg3 g5 27. Bc4 Kf7 28. Bxd5 Rxd5 29. Bc7 c4 30. Rxd5 Bxd5 31. bxc4 Bxc4 32. Bxb6 Be6 33. c3 Bd7 34. f3 Ra6 35. Bc7 Ra7 36. Bd8 Ra8 37. Bb6 Ra6 38. Bd4 Rc6 39. Rb1 Rc4 40. Rb7 Ke6 41. Rb6+ Bc6 42. Ra6 h5 43. Kf2 Kf7 44. Ke3 g4 45. Kd3 gxh3 46. gxh3 Bd5 47. Rxf6+ Ke7 48. Rf5 Ke6 49. Rxh5 Rxa4 50. Re5+ Kd6 51. f4 Ra2 52. c4 Ra3+ 53. Bc3 Bg2 54. Rxa5 Rxa5 55. Bxa5 Bxh3 56. Kd4 Ke6 57. Kc5 Bf1 58. Bc7 Be2 59. Be5 Bf1 60. Kb4 Be2 61. c5 Kd5 62. Bd6 Bg4 63. Kb5 Bd7+ 64. Kb6 Bg4 65. Be5 Bd7 66. Bb8 1-0


[Site "https://www.chess.com"]

[Event "Titled Tuesday Blitz March 21 Late 2023"]
[White "Andreikin, Dmitry"]
[Black "Drygalov, Andrey"]
[WhiteFideId "4158814"]
[BlackFideId "24171735"]
[WhiteElo "2736"]
[BlackElo "2471"]
[Result "1-0"]
[Round "08"]
[TimeControl "180+2"]
[Date "2023.03.21"]
[WhiteClock "0:01:30"]
[BlackClock "0:00:21"]

1. d4 Nf6 2. Nf3 d5 3. c4 e6 4. Bg5 h6 5. Bxf6 Qxf6 6. e3 c6 7. Bd3 g6 8. O-O Bg7 9. Nbd2 O-O 10. e4 Rd8 11. e5 Qe7 12. c5 b6 13. b4 a5 14. a3 Ba6 15. Nb3 Nd7 16. Bxa6 Rxa6 17. Qd3 Raa8 18. Rfc1 a4 19. Nbd2 b5 20. Re1 f5 21. exf6 Qxf6 22. Re2 Re8 23. Rae1 Re7 24. Ne5 Nxe5 25. dxe5 Qf5 26. Qxf5 exf5 27. f4 g5 28. g3 g4 29. Nf1 Kf7 30. Ne3 Kg6 31. Nc2 h5 32. Nd4 Rc8 33. h3 Ree8 34. Rh2 Re7 35. hxg4 hxg4 36. Kg2 1-0


[Site "https://www.chess.com"]

[Event "Titled Tuesday Blitz March 21 Late 2023"]
[White "Raja Rithvik R"]
[Black "Duda, Jan-Krzysztof"]
[WhiteFideId "35007394"]
[BlackFideId "1170546"]
[WhiteElo "2402"]
[BlackElo "2790"]
[Result "0-1"]
[Round "08"]
[TimeControl "180+2"]
[Date "2023.03.21"]
[WhiteClock "0:00:03"]
[BlackClock "0:00:59"]

1. d4 Nf6 2. c4 g6 3. g3 Bg7 4. Bg2 O-O 5. Nc3 Nc6 6. e3 e5 7. Nge2 exd4 8. exd4 Ne7 9. O-O d5 10. cxd5 Nexd5 11. Bg5 h6 12. Bd2 c6 13. Re1 Be6 14. Nf4 Nxf4 15. Bxf4 Nd5 16. Be5 f6 17. Nxd5 Bxd5 18. Bf4 g5 19. Bd2 Bxg2 20. Kxg2 Qxd4 21. Qb3+ Qd5+ 22. Qxd5+ cxd5 23. Re7 Rf7 24. Rae1 f5 25. R7e6 Rc8 26. Rd6 d4 27. Bb4 Rc2 28. Ba3 f4 29. Re8+ Kh7 30. gxf4 Rxf4 31. Rd7 Rcxf2+ 32. Kg1 Rf1+ 33. Kg2 R4f2+ 34. Kg3 Rf7 35. Ree7 Rg1+ 36. Kh3 Rf3# 0-1


[Site "https://www.chess.com"]

[Event "Titled Tuesday Blitz March 21 Late 2023"]
[White "Fedoseev, Vladimir"]
[Black "Holt, Conrad"]
[WhiteFideId "24130737"]
[BlackFideId "2034387"]
[WhiteElo "2752"]
[BlackElo "2592"]
[Result "1-0"]
[Round "08"]
[TimeControl "180+2"]
[Date "2023.03.21"]
[WhiteClock "0:00:09"]
[BlackClock "0:00:03"]

1. e4 e6 2. d4 d5 3. Nd2 c5 4. exd5 Qxd5 5. dxc5 Nf6 6. Ngf3 Qxc5 7. Bd3 Nbd7 8. Qe2 Qc7 9. O-O Be7 10. b3 O-O 11. Bb2 Nc5 12. Bc4 Bd7 13. Ne5 Rfd8 14. a4 Be8 15. Kh1 Nd5 16. f4 Bf6 17. f5 Rd6 18. fxe6 Rxe6 19. Ndf3 Rd8 20. Rae1 Re7 21. Qf2 b6 22. Ba1 Nb4 23. Re2 Rd6 24. Qg3 Qd8 25. h3 Nc6 26. Nxc6 Rxc6 27. Rxe7 Qxe7 28. Re1 Ne6 29. Bxf6 Qxf6 30. Qb8 Qe7 31. Nd4 Rc7 32. Nxe6 Kh8 33. Qxc7 1-0


[Site "https://www.chess.com"]

[Event "Titled Tuesday Blitz March 21 Late 2023"]
[White "Adewumi, Tanitoluwa"]
[Black "Sarana, Alexey"]
[WhiteFideId "30966396"]
[BlackFideId "24133795"]
[WhiteElo "2762"]
[BlackElo "2714"]
[Result "0-1"]
[Round "08"]
[TimeControl "180+2"]
[Date "2023.03.21"]
[WhiteClock "0:02:06"]
[BlackClock "0:02:51"]

1. e4 c5 2. Nf3 d6 3. Bb5+ Nd7 4. c3 Nf6 5. Bd3 g6 6. Bc2 Ne5 7. Nxe5 dxe5 8. Ba4+ Bd7 9. d4 cxd4 10. cxd4 Qa5+ 11. Nc3 Bxa4 12. Qxa4+ Qxa4 13. Nxa4 exd4 14. e5 Nd7 0-1


[Site "https://www.chess.com"]

[Event "Titled Tuesday Blitz March 21 Late 2023"]
[White "Santos Ruiz, Miguel"]
[Black "Deac, Bogdan-Daniel"]
[WhiteFideId "22291482"]
[BlackFideId "1226380"]
[WhiteElo "2504"]
[BlackElo "2649"]
[Result "0-1"]
[Round "08"]
[TimeControl "180+2"]
[Date "2023.03.21"]
[WhiteClock "0:00:07"]
[BlackClock "0:00:06"]

1. e4 c6 2. d4 d5 3. exd5 cxd5 4. Bd3 Nf6 5. Bf4 g6 6. Nf3 Nc6 7. c3 Bf5 8. Bxf5 gxf5 9. Ne5 e6 10. Nd2 h5 11. Qb3 Qc8 12. Ndf3 Ne4 13. O-O Bd6 14. c4 dxc4 15. Qxc4 Nxe5 16. Qxc8+ Rxc8 17. dxe5 Be7 18. Nd2 Nxd2 19. Bxd2 Rc2 20. Bc3 Bc5 21. g3 b5 22. a3 O-O 23. Kg2 Rc8 24. Rac1 Rxc1 25. Rxc1 Bd4 26. f4 h4 27. Kf3 hxg3 28. hxg3 Kg7 29. Rd1 Bxc3 30. Rc1 Kg6 31. Rxc3 Rxc3+ 32. bxc3 Kh5 33. Kf2 Kg4 34. Kg2 a6 35. Kf2 Kh3 36. Kf3 Kh2 37. Kf2 a5 38. Kf3 Kg1 39. g4 Kh2 40. gxf5 exf5 41. Ke3 Kg3 42. Kd4 Kxf4 43. a4 bxa4 44. c4 a3 45. Kc3 Kxe5 46. Kb3 Kd4 47. Kxa3 Kxc4 0-1


[Site "https://www.chess.com"]

[Event "Titled Tuesday Blitz March 21 Late 2023"]
[White "Fernandez Guillen, Ernesto J."]
[Black "Makarian, Rudik"]
[WhiteFideId "3512428"]
[BlackFideId "44105681"]
[WhiteElo "2423"]
[BlackElo "2436"]
[Result "0-1"]
[Round "08"]
[TimeControl "180+2"]
[Date "2023.03.21"]
[WhiteClock "0:00:02"]
[BlackClock "0:00:09"]

1. e4 c5 2. Nf3 Nc6 3. Nc3 e6 4. d4 cxd4 5. Nxd4 a6 6. Be3 Nf6 7. Qd2 e5 8. Nxc6 bxc6 9. f3 d5 10. exd5 cxd5 11. Bg5 d4 12. Ne4 Be7 13. Bxf6 Bxf6 14. Nxf6+ Qxf6 15. Bd3 O-O 16. O-O Rb8 17. b3 Bb7 18. Rae1 Rfe8 19. Qa5 Qd6 20. Re2 Re7 21. Rfe1 Rbe8 22. a4 g6 23. h4 Kg7 24. h5 f5 25. Qd2 h6 26. hxg6 e4 27. fxe4 fxe4 28. Bc4 e3 29. Qd1 Re4 30. g3 Rg4 31. Rg2 Rxg3 32. Bf1 Rf8 33. Re2 Bxg2 34. Bxg2 Rf4 35. Qd3 Qf6 36. Kh2 Rxg6 37. Qc4 Rf2 38. Qc7+ Kh8 39. Rxf2 Qh4+ 0-1


[Site "https://www.chess.com"]

[Event "Titled Tuesday Blitz March 21 Late 2023"]
[White "Indjic, Aleksandar"]
[Black "Popov, Mikhail"]
[WhiteFideId "911925"]
[BlackFideId "4146182"]
[WhiteElo "2614"]
[BlackElo "2270"]
[Result "1-0"]
[Round "08"]
[TimeControl "180+2"]
[Date "2023.03.21"]
[WhiteClock "0:00:50"]
[BlackClock "0:00:09"]

1. d4 Nf6 2. c4 g6 3. Nc3 d5 4. Nf3 Bg7 5. h4 c6 6. cxd5 cxd5 7. Bf4 Nc6 8. e3 Bg4 9. Be2 O-O 10. Qb3 Qb6 11. Qxb6 axb6 12. Ne5 Be6 13. h5 Rfc8 14. h6 Bf8 15. Kd2 Nxe5 16. Bxe5 Nd7 17. Bf4 Nf6 18. Bf3 Bf5 19. Be5 Ne4+ 20. Nxe4 dxe4 21. Be2 f6 22. Bf4 e5 23. Bg3 Bb4+ 24. Kd1 exd4 25. exd4 Rd8 26. Bc4+ Kf8 27. d5 Bg4+ 28. Kc2 b5 29. Kb3 bxc4+ 30. Kxb4 Rxd5 31. Rhc1 b5 32. a4 bxa4 33. Rxc4 Bd7 34. Ka3 Rb5 35. Rb4 Rxb4 36. Kxb4 Ke7 37. Rc1 Ra7 38. Rc4 Rb7+ 39. Kc3 f5 40. Rd4 Rb3+ 41. Kc2 g5 42. Be5 Rb6 43. Bg7 Ke6 44. g4 fxg4 45. Rxe4+ Kf5 46. Re7 Rb7 47. Bc3 Bc6 48. Re5+ Kg6 49. Re6+ Kh5 50. Rxc6 g3 51. fxg3 Kg4 52. Be1 Kf3 53. Rf6+ Ke2 54. Re6+ Kf3 55. Re5 g4 56. Re6 Rc7+ 57. Kd1 Rd7+ 58. Kc1 Rc7+ 59. Kb1 Rd7 60. Ka2 Rd3 61. Re7 Rd1 62. Bc3 Kxg3 63. Rxh7 Rh1 64. Rh8 Kf3 65. h7 Kg2 66. Rg8 Rxh7 67. Rxg4+ Kf3 68. Rxa4 Ke3 69. Kb3 Kd3 70. Rd4+ Ke3 71. Rd5 Ke4 72. Re5+ Kd3 73. Kb4 Rb7+ 74. Rb5 Rc7 75. Rd5+ Ke4 76. Rd6 Rb7+ 77. Kc5 Kf5 78. b4 Rc7+ 79. Rc6 Rb7 80. b5 Ke4 81. b6 Kd3 82. Kb5 1-0


[Site "https://www.chess.com"]

[Event "Titled Tuesday Blitz March 21 Late 2023"]
[White "Tregubov, Pavel V."]
[Black "Zierk, Steven"]
[WhiteFideId "4115341"]
[BlackFideId "2034255"]
[WhiteElo "2425"]
[BlackElo "2494"]
[Result "0-1"]
[Round "08"]
[TimeControl "180+2"]
[Date "2023.03.21"]
[WhiteClock "0:00:12"]
[BlackClock "0:01:17"]

1. e4 e6 2. d4 d5 3. e5 c5 4. c3 Qb6 5. Nf3 Bd7 6. Be2 Bb5 7. Bxb5+ Qxb5 8. Na3 Qa6 9. c4 dxc4 10. O-O Nc6 11. d5 exd5 12. Qxd5 Rd8 13. Qe4 Nd4 14. Be3 Qc6 15. Qxc6+ Nxc6 16. Nxc4 b5 17. Nd6+ Bxd6 18. exd6 Rxd6 19. Bxc5 Rd5 20. Rac1 Nf6 21. Be3 Kd7 22. h3 a5 23. a3 Rc8 24. Ng5 Ne5 25. Rxc8 Kxc8 26. Rc1+ Kd7 27. Bb6 Nc4 28. Rxc4 bxc4 29. Nxf7 Ke7 0-1


[Site "https://www.chess.com"]

[Event "Titled Tuesday Blitz March 21 Late 2023"]
[White "Dardha, Daniel"]
[Black "Taboas Rodriguez, Daniel"]
[WhiteFideId "240990"]
[BlackFideId "2208466"]
[WhiteElo "2581"]
[BlackElo "2365"]
[Result "1-0"]
[Round "08"]
[TimeControl "180+2"]
[Date "2023.03.21"]
[WhiteClock "0:02:15"]
[BlackClock "0:01:12"]

1. e4 e5 2. d4 exd4 3. Qxd4 Nc6 4. Qc4 Nf6 5. Nc3 Bb4 6. Bd2 O-O 7. O-O-O Re8 8. f3 a5 9. Qe2 b6 10. g4 Ba6 11. Qg2 Bxf1 12. Qxf1 d5 13. g5 d4 14. gxf6 dxc3 15. Bxc3 Qc8 16. fxg7 Bxc3 17. bxc3 Qe6 18. Kb1 Ne5 19. Ne2 Nc4 20. Nd4 Na3+ 21. Kb2 Nc4+ 22. Ka1 Ne3 23. Nxe6 Nxf1 24. Nxc7 Ne3 25. Rd3 Nxc2+ 26. Kb2 Rad8 27. Nxe8 Rxd3 28. Kxc2 Rxf3 29. e5 Re3 30. Rg1 1-0


[Site "https://www.chess.com"]

[Event "Titled Tuesday Blitz March 21 Late 2023"]
[White "Papasimakopoulos, Alexandros"]
[Black "Ibarra Jerez, Jose Carlos"]
[WhiteFideId "4244125"]
[BlackFideId "2226332"]
[WhiteElo "2359"]
[BlackElo "2638"]
[Result "0-1"]
[Round "08"]
[TimeControl "180+2"]
[Date "2023.03.21"]
[WhiteClock "0:01:04"]
[BlackClock "0:01:01"]

1. d4 Nf6 2. c4 d6 3. Nc3 e5 4. Nf3 e4 5. Nd2 Qe7 6. e3 Bf5 7. Be2 h5 8. b4 g6 9. a4 Bg7 10. a5 O-O 11. b5 c5 12. bxc6 bxc6 13. Ba3 c5 14. Nb3 Nbd7 15. Rc1 Rab8 16. O-O Rfc8 17. dxc5 dxc5 18. Nd5 Qe5 19. Nf4 h4 20. Qc2 g5 21. Nd5 Ng4 22. f4 exf3 23. Qxf5 Qxh2# 0-1


[Site "https://www.chess.com"]

[Event "Titled Tuesday Blitz March 21 Late 2023"]
[White "Papp, Levente"]
[Black "Zhigalko, Sergei"]
[WhiteFideId "751243"]
[BlackFideId "13502956"]
[WhiteElo "2380"]
[BlackElo "2626"]
[Result "0-1"]
[Round "08"]
[TimeControl "180+2"]
[Date "2023.03.21"]
[WhiteClock "0:00:02"]
[BlackClock "0:00:04"]

1. b3 e5 2. Bb2 d6 3. c4 Nf6 4. g3 Be7 5. Bg2 O-O 6. Nc3 Re8 7. e4 c5 8. Nge2 Nc6 9. O-O a6 10. Nd5 Nxd5 11. cxd5 Nd4 12. Nxd4 cxd4 13. d3 Bd7 14. Qd2 a5 15. f4 Qb6 16. Ba3 Bf6 17. Rfc1 Bb5 18. Qc2 Qa6 19. Bf1 h6 20. Kg2 a4 21. bxa4 Bxa4 22. Qc7 Bb5 23. Qxd6 Qxa3 24. Qxa3 Rxa3 25. Rab1 Bxd3 26. Bxd3 Rxd3 27. Rxb7 exf4 28. d6 f3+ 29. Kf2 Rxe4 30. Rc8+ Kh7 31. Rc2 Rc3 32. Rxc3 dxc3 33. Rc7 Re2+ 34. Kxf3 Rxa2 35. Rxf7 Rd2 36. d7 c2 0-1


[Site "https://www.chess.com"]

[Event "Titled Tuesday Blitz March 21 Late 2023"]
[White "Manukyan, Sargis V."]
[Black "Gharibyan, Mamikon"]
[WhiteFideId "13303465"]
[BlackFideId "13308300"]
[WhiteElo "2236"]
[BlackElo "2445"]
[Result "0-1"]
[Round "08"]
[TimeControl "180+2"]
[Date "2023.03.21"]
[WhiteClock "0:00:01"]
[BlackClock "0:00:04"]

1. d4 g6 2. c4 Bg7 3. Nc3 Nf6 4. e4 d6 5. Nf3 O-O 6. Be2 c6 7. O-O Qc7 8. Be3 e5 9. Qc2 Ng4 10. Rad1 Nxe3 11. fxe3 Nd7 12. h4 Nf6 13. Ng5 h6 14. Nh3 Bxh3 15. gxh3 h5 16. Rf3 Nh7 17. d5 c5 18. Bd3 Qe7 19. Qf2 Bf6 20. Rxf6 Qxf6 21. Qxf6 Nxf6 22. Rf1 Kg7 23. Kg2 a6 24. a4 Nd7 25. Kg3 Kh6 26. Rf2 Rae8 27. Bc2 Kg7 28. a5 Rb8 29. Ba4 Nf6 30. Kf3 b6 31. axb6 Rxb6 32. b3 Rfb8 33. Ra2 Nh7 34. Ne2 f5 35. exf5 gxf5 36. Ng3 Kg6 37. Bd7 Rf8 38. Rg2 Rb7 39. Be6 Nf6 40. Nxf5+ Kh7 41. Rg5 Rxb3 42. Rg7+ Kh8 43. Rg6 Rb1 44. Rh6+ Nh7 45. Rxh5 Rf6 46. Ke4 Rb6 47. Ne7 a5 48. Bf5 Rf7 49. Nc8 Ra6 0-1


[Site "https://www.chess.com"]